 Dungeon Crawl Stone Soup version 0.18-a0-1266-g3be6530 (webtiles) character file.

116 RedPan the Cudgeler (level 5, -9/54 HPs)
             Began as an Ogre Berserker on Feb 6, 2016.
             Was a Believer of Trog.
             Mangled by Leszczynek's ghost (15 damage)
             ... on level 3 of the Dungeon.
             The game lasted 00:05:08 (1922 turns).

RedPan the Cudgeler (Ogre Berserker)                Turns: 1922, Time: 00:05:08

Health: -9/54      AC:  3    Str: 23    XL:     5   Next: 1%
Magic:  5/5        EV: 10    Int:  6    God:    Trog [**....]
Gold:   146        SH:  0    Dex:  9    Spells: 0 memorised, 4 levels left

rFire  . . .     SeeInvis .     a - +0 mace
rCold  . . .     Gourm    .     o - +0 animal skin
rNeg   . . .     Faith    .     (no shield)
rPois  .         Spirit   .     (helmet restricted)
rElec  .         Dismiss  .     (no cloak)
rCorr  .         Reflect  .     (gloves unavailable)
SustAt .         Harm     .     (boots unavailable)
MR     .....                    f - amulet of regeneration
Stlth  +.........               (no ring)
                                (no ring)

@: lethally poisoned (-9 -> -10), not resistant to hostile enchantments, very
unstealthy
A: unfitting armour, tough skin 1
a: Berserk, Trog's Hand, Burn Spellbooks, Renounce Religion


You were on level 3 of the Dungeon.
You worshipped Trog.
Trog was pleased with you.
You were not hungry.

You visited 1 branch of the dungeon, and saw 3 of its levels.

You collected 146 gold pieces.

Inventory:

Hand Weapons
 a - a +0 mace (weapon)
Armour
 o - a +0 animal skin (worn)
Jewellery
 f - an amulet of regeneration (around neck)
Scrolls
 d - 4 scrolls of identify
 g - 2 scrolls of remove curse
 h - 3 scrolls of immolation
 i - a scroll of teleportation
 m - a scroll of enchant armour
Potions
 e - a potion of berserk rage
Comestibles
 c - a bread ration
 j - 2 meat rations
 k - a fruit
 l - a slice of pizza
 n - 4 chunks of flesh


   Skills:
 - Level 4.0 Fighting
 + Level 7.3 Maces & Flails
 - Level 2.6 Dodging


You had 4 spell levels left.
You didn't know any spells.

Dungeon Overview and Level Annotations

Branches:
Dungeon (3/15)

Altars:
Cheibriados
Elyvilon
Trog

Annotations:
D:3 Leszczynek's ghost, amateur FoFi


Innate Abilities, Weirdness & Mutations

You are too large for most types of armour.
You have tough skin (AC +1).


Message History

You hit Leszczynek's ghost.
Leszczynek's ghost is lightly damaged.
You feel sick. Leszczynek's ghost barely misses you.
You hit Leszczynek's ghost but do no damage.
Leszczynek's ghost is lightly damaged.
Leszczynek's ghost hits you!
You hit Leszczynek's ghost.
Leszczynek's ghost is lightly damaged.
You feel sick. Leszczynek's ghost hits you!
You hit Leszczynek's ghost.
Leszczynek's ghost is lightly damaged.
Leszczynek's ghost hits you!
You hit Leszczynek's ghost but do no damage.
Leszczynek's ghost is lightly damaged.
You feel sick. Leszczynek's ghost hits you!
* * * LOW HITPOINT WARNING * * *
You hit Leszczynek's ghost but do no damage.
Leszczynek's ghost is lightly damaged.
Leszczynek's ghost hits you!
You die...

#.###########.#
#.....<....>.#
#.###.#######..
#@# ##W## #.K.#
#...# #.(.#
#.(.#
#...######
#........#
#...####.#


You could see Leszczynek's ghost and a kobold.

Vanquished Creatures
  5 adders (D:2)
  An ooze (D:2)
  2 worms
  2 giant geckos
  A giant cockroach (D:2)
  4 goblins
  7 hobgoblins
  6 jackals (D:1)
  10 kobolds
  2 quokkas (D:2)
  2 bats
  9 giant newts
  10 rats
61 creatures vanquished.

Notes
Turn   | Place    | Note
--------------------------------------------------------------
     0 | D:1      | RedPan the Ogre Berserker began the quest for the Orb.
     0 | D:1      | Reached XP level 1. HP: 24/24 MP: 1/1
   133 | D:1      | Reached XP level 2. HP: 22/32 MP: 2/2
   151 | D:1      | Reached skill level 5 in Maces & Flails
   608 | D:1      | Reached XP level 3. HP: 39/39 MP: 3/3
   737 | D:1      | Reached ** piety under Trog
  1028 | D:2      | Reached skill level 6 in Maces & Flails
  1032 | D:2      | Found a white marble altar of Elyvilon.
  1059 | D:2      | Reached XP level 4. HP: 11/48 MP: 4/4
  1077 | D:2      | HP: 2/48 [poisoned by an adder]
  1083 | D:2      | HP: 2/48 [poisoned by an adder]
  1681 | D:2      | Found a bloodstained altar of Trog.
  1689 | D:2      | Reached skill level 7 in Maces & Flails
  1814 | D:2      | Reached XP level 5. HP: 41/54 MP: 5/5
  1854 | D:2      | Found a snail-covered altar of Cheibriados.
  1904 | D:3      | Noticed Leszczynek's ghost (amateur FoFi)
  1922 | D:3      | Mangled by Leszczynek's ghost

Vault maps used:
D:1:      evilmike_arrival_run_for_it, hangedman_abyss_or_decor_stabs
D:2:      lemuel_round_altar, lemuel_coloured_pillars_altar, trog_hazing_becter
D:3:      first_bread, uniq_natasha

Action                   |  1- 3 |  4- 6 || total
-------------------------+-------+-------++-------
Melee: Mace              |   115 |    91 ||   206
Invok: Berserk           |     1 |       ||     1
  Use: Potion            |       |     2 ||     2
       Scroll            |       |     4 ||     4
 Stab: Sleeping          |     2 |       ||     2
  Eat: Chunk             |     2 |     3 ||     5
